 Dungeon Crawl Stone Soup version 0.20.1-1-g8b1a95d (webtiles) character file.

1603 tidbits the Martial Artist (level 8, -11/62 HPs)
             Began as a Demigod Transmuter on Aug 19, 2017.
             Killed from afar by Feta's ghost (23 damage)
             ... with a blast of metal fragments
             ... on level 8 of the Dungeon.
             The game lasted 00:35:49 (3514 turns).

tidbits the Martial Artist (Demigod Transmuter)     Turns: 3514, Time: 00:35:49

Health: -11/62     AC:  2    Str: 13    XL:     8   Next: 36%
Magic:  1/14       EV: 21    Int: 21    God:
Gold:   132        SH:  0    Dex: 21    Spells: 0/11 levels left

rFire    . . .     SeeInvis .     - Unarmed
rCold    . . .     Gourm    .   (shield currently unavailable)
rNeg     . . .     Faith    .   (armour currently unavailable)
rPois    x         Spirit   .   (helmet currently unavailable)
rElec    .         Reflect  .   (cloak currently unavailable)
rCorr    .         Harm     .   (gloves currently unavailable)
MR       .....                  (boots currently unavailable)
Stlth    ++........             (no amulet)
Regen    0.2/turn               s - ring of wizardry
MPRegen  0.2/turn               (no ring)

@: spider-form
A: high mp 1
a: End Transformation


You were on level 8 of the Dungeon.
You were not hungry.
You were a venomous arachnid creature.
You visited 1 branch of the dungeon, and saw 8 of its levels.

You collected 356 gold pieces.
You spent 224 gold pieces at shops.

Inventory:

Hand Weapons
 j - a +1 short sword of electrocution
   (You found it on level 1 of the Dungeon)
Missiles
 a - 112 arrows
 l - 29 stones (quivered)
Armour
 n - a +0 shield
 B - a +0 robe (melded)
 C - a +0 cloak (melded)
 E - a +0 helmet (melded)
 G - a +0 pair of gloves (melded)
Jewellery
 s - a ring of wizardry (left front leg)
   (You found it on level 5 of the Dungeon)
 t - an uncursed amulet of harm
   (You found it on level 4 of the Dungeon)
Wands
 b - a wand of iceblast (7/15)
 A - a wand of scattershot (6/9)
Scrolls
 e - a scroll of enchant weapon {unknown}
 g - a scroll of magic mapping {unknown}
 h - a scroll of teleportation
 o - a scroll of blinking {unknown}
 p - 3 scrolls of enchant armour {unknown}
 q - a scroll of immolation {unknown}
 r - 6 scrolls of remove curse
 x - a scroll of fog {unknown}
 y - 2 scrolls of recharging {unknown}
 K - a scroll of noise {unknown}
Potions
 i - 5 potions of curing
 k - 3 potions of lignification
 m - 4 potions of magic
 v - 2 potions of brilliance
 w - a potion of might
 z - a potion of cancellation
 D - a potion of flight
 F - a potion of resistance {unknown}
 H - a potion of heal wounds
 I - a potion of ambrosia {unknown}
Books
 c - a book of Changes

   Spells                             Type                      Level
   a - Beastly Appendage              Transmutation                1
   b - Sticks to Snakes               Transmutation                2
   c - Spider Form                    Transmutation/Poison         3
   d - Ice Form                       Ice/Transmutation            4
   e - Blade Hands                    Transmutation                5
Comestibles
 d - 5 bread rations
 f - 3 fruits
 u - a chunk of flesh
 J - a royal jelly


   Skills:
 - Level 2.4 Fighting
 - Level 3.0 Dodging
 - Level 8.1 Unarmed Combat
 - Level 2.1 Spellcasting
 + Level 5.4 Transmutations


You couldn't memorise any spells.
You knew the following spells:

 Your Spells              Type           Power        Failure   Level  Hunger
e - Beastly Appendage     Tmut           ####..       2%          1    #......
h - Blade Hands           Tmut           ####......   30%         5    ######.
k - Sticks to Snakes      Tmut           ####....     3%          2    ##.....
p - Spider Form           Tmut/Pois      ##........   13%         3    ###....


Dungeon Overview and Level Annotations

Branches:
Dungeon (8/15)             Temple (0/1) D:7
   Lair: D:8-11

Shops:
D:4 !

Annotations:
D:8 Feta's ghost, novice FoEE


Innate Abilities, Weirdness & Mutations

You have an increased reservoir of magic. (+10% MP)


Message History

You kill the orc wizard!
Your Transmutations skill increases to level 5!
A jelly and an orc wizard come into view.
The jelly quivers.
There is an open door, spattered with blood here.
Items here: )) [[ † a dagger; a robe; a dagger; a robe; an orc corpse The orc wizard mumbles some strange words.
The orc wizard flickers and vanishes!
Deactivating autopickup; reactivate with Ctrl-A.
The orc priest closely misses you. The orc priest misses your adder.
Your adder barely misses the orc priest.
Your magical contamination has completely faded away.
You bite the orc priest!
The orc priest is poisoned.
The orc priest is heavily wounded.
You hear some strange, mumbled words.
Your adder misses the orc priest. You bite the orc priest!
You kill the orc priest!
You closely miss something. Something hits you.
* * * LOW HITPOINT WARNING * * *
Your adder bites something.
Your adder poisons something!
You bite something!
You hear some strange, mumbled words.
A puff of flame appears from out of thin air!
The puff of flame misses you.
Your adder bites something.
The jelly misses your adder.
You hit something but do no damage. Something barely misses you.
Your adder closely misses something.
You swap places.
Reactivating autopickup.
You feel a bit more experienced.
There is an open door, spattered with blood here.
Items here: )) [[ † a dagger; a robe; a dagger; a robe; an orc corpse The jelly closely misses your adder.
The orc wizard barely misses your adder.
You see here a runed dagger.
Your transformation is almost over.
There is a stone staircase leading up here.
What are your orders? t - Hiss!
Orders for allies: a - Attack new target. r - Retreat! s - Stop attacking. g - Guard the area. f - Follow me.
Anything else - Cancel.
Gang up on whom?
Press: ? - help, Dir - move target cursor, f - orc wizard
Aim: an orc wizard, wielding a dagger and wearing a robe Attack!
Your adder bites the orc wizard.
Your adder barely misses the orc wizard.
The orc wizard hits your adder with a dagger.
Your adder dies!
Casting: Sticks to Snakes
Confirm with . or Enter, or press ? or * to list all spells.
You create a snake!
You now have 112 arrows.
Your adder closely misses the orc wizard.
The jelly hits your ball python.
Your ball python dies!
Casting: Sticks to Snakes
Confirm with . or Enter, or press ? or * to list all spells.
You extend your transformation's duration.
Your adder bites the orc wizard.
Unknown command.
Casting: Spider Form
Confirm with . or Enter, or press ? or * to list all spells.
You extend your transformation's duration.
Your adder bites the orc wizard.
The orc wizard completely misses you. The jelly hits your adder.
Your adder is splashed with acid.
Your adder bites the orc wizard.
The orc wizard is poisoned.
Your adder poisons the orc wizard!
You hit the orc wizard.
The orc wizard is severely wounded.
The orc wizard hits you with a dagger.
* * * LOW HITPOINT WARNING * * *
Your adder bites the orc wizard.
The jelly hits your adder but does no damage.
You catch the helpless orc wizard completely off-guard!
You bite the orc wizard!
You kill the orc wizard!
Your adder bites the jelly.
Your adder is burned by acid!
You hit the jelly.
Your front legs burn!
* * * LOW HITPOINT WARNING * * *
The jelly is moderately wounded.
Your adder barely misses the jelly.
You hit the jelly.
Your front legs burn!
* * * LOW HITPOINT WARNING * * *
The jelly is moderately wounded.
The jelly completely misses you.
Your adder bites the jelly.
Your adder is burned by acid!
Your adder withers and dies!
You bite the jelly!
You kill the jelly!
Things that are here:
a dagger; a robe; a runed dagger Feta's ghost (novice Formicid Earth Elementalist) comes into view.
Feta's ghost turns its malevolent gaze towards you.
Feta's ghost casts a spell past you.
The metal wall shatters!
The blast of metal fragments hits you!
You die...

#. ....' #..
#....#### #...
####........
#...##..#........
#.......#........
#.......#.....W.
######..#....#
#...##.s))...+
#...<)..#....#
#.......#....#
#.......#....#
##+###..#....#
#..#....+
#..#....#
+..#....#
#..#....#


You could see Feta's ghost.

Vanquished Creatures
  Grinder (D:4)
  A hungry ghost (D:5)
  A water moccasin (D:7)
  2 ice beasts (D:6)
  A necrophage (D:6)
  A centaur (D:5)
  A bullfrog (D:6)
  A scorpion (D:5)
  3 killer bees (D:7)
  A crimson imp (D:5)
  An orc priest (D:8)
  3 jellies
  5 orc wizards
  Ijyb (D:5)
  Natasha (twice) (D:4)
  A worker ant zombie (D:6)
  3 gnolls (D:4)
  8 adders
  2 shadow imps (D:6)
  An adder skeleton (D:6)
  3 worms
  A dart slug (D:1)
  The ghost of equalderp2856 the Magician, a weakling SpWz (D:3)
  A leopard gecko (D:5)
  5 orcs
  8 bats
  3 giant cockroaches
  4 goblins
  5 hobgoblins
  3 quokkas
  A ball python (D:3)
  3 frilled lizards
  2 kobolds (D:1)
  A leopard gecko skeleton (D:5)
  5 rats
  A fungus (D:5)
87 creatures vanquished.

Vanquished Creatures (collateral kills)
  A bullfrog (D:6)
  Crazy Yiuf (D:5)
  A bullfrog skeleton (D:6)
  A worker ant (D:5)
  An adder (D:2)
  2 worms (D:3)
  2 goblins
  A kobold (D:4)
  A jackal zombie (D:5)
  A rat (D:3)
12 creatures vanquished.

Grand Total: 99 creatures vanquished

Notes
Turn   | Place    | Note
-------+----------+-------------------------------------------
     0 | D:1      | tidbits the Demigod Transmuter began the quest for the Orb.
     0 | D:1      | Reached XP level 1. HP: 15/15 MP: 5/5
   129 | D:1      | Reached skill level 3 in Unarmed Combat
   214 | D:1      | Reached XP level 2. HP: 18/22 MP: 5/7
   218 | D:1      | Learned a level 2 spell: Sticks to Snakes
   429 | D:2      | Found a hazy altar of Hepliaklqana.
   592 | D:2      | Reached XP level 3. HP: 25/27 MP: 6/8
   632 | D:3      | Noticed equalderp2856's ghost (weakling SpWz)
   721 | D:3      | Reached skill level 2 in Spellcasting
   726 | D:3      | Learned a level 3 spell: Spider Form
   792 | D:3      | Reached skill level 2 in Transmutations
  1019 | D:3      | Reached XP level 4. HP: 31/34 MP: 4/9
  1158 | D:2      | Found a white marble altar of Elyvilon.
  1254 | D:3      | Reached skill level 3 in Transmutations
  1319 | D:3      | Killed equalderp2856's ghost
  1349 | D:4      | Found an opulent altar of Gozag.
  1368 | D:4      | Noticed a phantom
  1399 | D:4      | HP: 3/34 [phantom (7)]
  1516 | D:4      | Found an ancient bone altar of Kikubaaqudgha.
  1540 | D:5      | Entered Level 5 of the Dungeon
  1694 | D:5      | Noticed a centaur
  1704 | D:5      | Killed a centaur
  1704 | D:5      | Reached skill level 4 in Unarmed Combat
  1704 | D:5      | Reached XP level 5. HP: 30/39 MP: 7/11
  1734 | D:5      | Reached skill level 5 in Unarmed Combat
  1782 | D:5      | Found a runed door.
  1787 | D:5      | Noticed Crazy Yiuf
  1795 | D:5      | Killed Crazy Yiuf
  1813 | D:5      | Noticed Ijyb
  1911 | D:5      | Killed Ijyb
  1911 | D:5      | Reached XP level 6. HP: 33/46 MP: 1/12
  2008 | D:5      | Noticed a hungry ghost
  2025 | D:5      | Killed a hungry ghost
  2025 | D:5      | Reached skill level 6 in Unarmed Combat
  2077 | D:4      | Noticed Natasha
  2089 | D:4      | Killed Natasha
  2095 | D:4      | Noticed Grinder
  2099 | D:4      | Found a shattered altar of Ashenzari.
  2108 | D:4      | HP: 3/46 [Grinder (8)]
  2109 | D:4      | Killed Grinder
  2109 | D:4      | Reached skill level 7 in Unarmed Combat
  2109 | D:4      | Reached XP level 7. HP: 2/51 MP: 2/13
  2292 | D:4      | Found an iron altar of Okawaru.
  2331 | D:4      | Found a blossoming altar of Fedhas.
  2376 | D:4      | Noticed Natasha
  2384 | D:4      | Killed Natasha
  2387 | D:4      | Found Quthry's Distillery.
  2408 | D:4      | Bought 2 potions of heal wounds for 140 gold pieces
  2408 | D:4      | Bought 2 potions of lignification for 84 gold pieces
  2492 | D:5      | Found a burning altar of Makhleb.
  2492 | D:5      | Found a sacrificial altar of Ru.
  2596 | D:6      | Reached skill level 1 in Fighting
  2623 | D:6      | Reached skill level 2 in Dodging
  2750 | D:6      | Reached skill level 8 in Unarmed Combat
  2795 | D:6      | Reached skill level 2 in Fighting
  3022 | D:5      | Reached skill level 3 in Dodging
  3022 | D:5      | Reached XP level 8. HP: 45/61 MP: 7/14
  3163 | D:7      | Learned a level 5 spell: Blade Hands
  3319 | D:7      | Reached skill level 4 in Transmutations
  3419 | D:7      | Found a staircase to the Ecumenical Temple.
  3490 | D:8      | Reached skill level 5 in Transmutations
  3514 | D:8      | Noticed Feta's ghost (novice FoEE)
  3514 | D:8      | Killed from afar by Feta's ghost

Skill      XL: |  1  2  3  4  5  6  7  8 |
---------------+-------------------------+-----
Unarmed Combat | 3 4 5 7 8 |  8.1
Spellcasting   | 2 |  2.1
Transmutations | 2 3 5 |  5.4
Fighting       | 2 |  2.4
Dodging        | 3 |  3.0

Action                   |  1- 3 |  4- 6 |  7- 9 || total
-------------------------+-------+-------+-------++-------
Melee: Unarmed           |    95 |    91 |   100 ||   286
       Kick              |    14 |       |       ||    14
       Headbutt          |     4 |       |       ||     4
       Punch             |       |     1 |       ||     1
 Cast: Beastly Appendage |    22 |       |       ||    22
       Sticks to Snakes  |     6 |    10 |    21 ||    37
       Spider Form       |     4 |    16 |    25 ||    45
 Abil: End Transformatio |       |     2 |       ||     2
Evoke: Wand              |       |       |     1 ||     1
  Use: Scroll            |     2 |     5 |     4 ||    11
       Potion            |       |     6 |     3 ||     9
 Stab: Sleeping          |     3 |     2 |     1 ||     6
       Distracted        |       |     2 |     4 ||     6
  Eat: Chunk             |     2 |     3 |     1 ||     6
       Royal jelly       |       |     1 |     1 ||     2
       Meat ration       |       |     1 |     2 ||     3
Armor: Robe              |    18 |     3 |     3 ||    24
       Skin              |       |     4 |    16 ||    20
Dodge: Dodged            |    81 |    51 |    76 ||   208

Table legend:
 A = Turns spent in this place as a percentage of turns spent in the entire game.
 B = Non-inter-level travel turns spent in this place as a percentage of non-inter-level travel turns spent in the entire game.
 C = Inter-level travel turns spent in this place as a percentage of turns spent in this place.
 D = Turns resting spent in this place as a percentage of non-inter-level travel turns spent in this place.
 E = Turns spent auto-exploring this place as a percentage of non-inter-level travel turns spent in this place.
 F = Non-inter-level travel turns spent in this place divided by the number of levels of this place that you've seen.
                   A       B       C       D       E      F
               +-------+-------+-------+-------+-------+----------------------
         Total | 100.0 | 100.0 |   0.1 |   0.0 |   0.0 | 421.0
       Dungeon | 100.0 | 100.0 |   0.1 |   0.0 |   0.0 | 421.0
               +-------+-------+-------+-------+-------+----------------------

Table legend:
 A = Kills in this place as a percentage of kills in entire the game.
 B = Kills by you in this place as a percentage of kills by you in the entire game.
 C = Kills by friends in this place as a percentage of kills by friends in the entire game.
 D = Other kills in this place as a percentage of other kills in the entire game.
 E = Experience gained in this place as a percentage of experience gained in the entire game.
 F = Experience gained in this place divided by the number of levels of this place that you have seen.
                   A       B       C       D       E      F
               +-------+-------+-------+-------+-------+----------------------
         Total | 100.0 | 100.0 | 100.0 |  -nan | 100.0 | 286.2
       Dungeon | 100.0 | 100.0 | 100.0 |  -nan | 100.0 | 286.2
               +-------+-------+-------+-------+-------+----------------------

Vault maps used:
D:1:      kennysheep_arrival_seaside
D:2:      lemuel_round_altar, minivault_14, elyvilon_altar_4
D:3:      hangedman_feature_mirror
D:4:      kiku_gazebo_pond_becter, kennysheep_mini,
          nicolae_overflow_crystal_walls, lemuel_crystal_altar, serial_shops,
          shop, okawaru_altar_gauntlet_db, uniq_natasha, uniq_grinder
D:5:      nicolae_overflow_hidden_temple, first_bread, kennysheep_dice,
          uniq_ijyb, uniq_crazy_yiuf_cottage
D:6:      cheibrodos_helix_gallery, minitemple, wad_floor_pattern_untrapped
D:7:      minmay_temple_entry_fiery
D:8:      tso_metal_star
